 Dungeon Crawl Stone Soup version 0.28-a0-1032-ga8db75c868 (webtiles) character file.

Game seed: 8359081337914018532

66 GregHouse the Skirmisher (level 4, 0/40 HPs)
             Began as a Hill Orc Monk on Dec 7, 2021.
             Killed from afar by a dart slug (2 damage)
             ... with a slug dart
             ... on level 3 of the Dungeon.
             The game lasted 00:06:27 (2634 turns).

GregHouse the Skirmisher (Hill Orc Monk)            Turns: 2634, Time: 00:06:28

Health: 0/40       AC:  2    Str: 15    XL:     4   Next: 15%
Magic:  4/4        EV: 12    Int: 10    God:
Gold:   107        SH:  0    Dex: 13    Spells: 3/3 levels left

rFire   . . .      SeeInvis .   f - +0 hand axe
rCold   . . .      Faith    .   (no shield)
rNeg    . . .      Spirit   .   b - +0 robe
rPois   .          Reflect  .   (no helmet)
rElec   .          Harm     .   (no cloak)
rCorr   .          Rampage  .   (no gloves)
Will    .....                   (no boots)
Stlth   ++........              (no amulet)
HPRegen 0.13/turn               (no ring)
MPRegen 0.09/turn               (no ring)

@: no status effects
A: no striking features
a: no special abilities


You were on level 3 of the Dungeon.
You visited 1 branch of the dungeon, and saw 4 of its levels.

You collected 107 gold pieces.

Inventory:

Hand Weapons
 a - a +0 spear
 f - a +0 hand axe (weapon)
Armour
 b - a +0 robe (worn)
Scrolls
 c - a scroll of fog {unknown}
 d - a scroll of identify
 i - a scroll of teleportation {unknown}
 l - a scroll of blinking {unknown}
Potions
 e - 2 potions of mutation
 g - a potion of resistance {unknown}
 h - a potion of curing {unknown}
 j - a potion of might {unknown}
 k - a potion of attraction {unknown}


   Skills:
 + Level 4.1 Fighting
 + Level 1.4(3.3) Axes
 + Level 3.8(4.0) Polearms
 + Level 2.9 Dodging
 + Level 2.1 Stealth


You had 3 spell levels left.
You didn't know any spells.
Your spell library was empty.

Dungeon Overview and Level Annotations

Branches:
Dungeon (4/15)
 Temple: D:4-7

Altars:
Okawaru


Message History

You feel sick. The adder bites you.
A dart slug comes into view.
You hit the adder.
You kill the adder!
You feel sick. The dart slug launches a dart at you. The slug dart hits you.
You have reached level 4!
You feel sick.
You feel sick.
You feel sick.
You are no longer poisoned.
The kobold throws a poisoned dart.
The poisoned dart hits you.
You are poisoned.
You feel sick.
You feel sick.
You feel sick. The kobold hits you with a +0 club.
* * * LOW HITPOINT WARNING * * *
You closely miss the kobold.
You feel sick. The kobold barely misses you.
The kobold hits you but does no damage.
You hit the kobold.
The kobold is severely wounded.
You feel sick.
You are no longer poisoned.
The kobold hits you with a +0 club.
* * * LOW HITPOINT WARNING * * *
You hit the kobold but do no damage.
The kobold is severely wounded.
The kobold barely misses you.
You hit the kobold.
You kill the kobold!
The dart slug launches a dart at you. The slug dart hits you.
* * * LOW HITPOINT WARNING * * *
As you read the scroll labelled DAUM XERUUGO, it crumbles to dust.
It is a scroll of identify.
e - 2 potions of mutation The dart slug launches a dart at you.
The slug dart hits you.
You die...

#............?...
#........†......
#..............
####..#)##..... ##.#w#
###. #.#.# .# #.#.#..#.#
#.#.#....##. #..@.......
## #........##
....######.......##
....#............#
.................#
.............>...####
...(................# .
................##.#####..
###............##........


You could see a dart slug.

Vanquished Creatures
  2 adders
  2 dart slugs (D:1)
  4 ball pythons (D:2)
  5 endoplasms
  3 giant cockroaches
  2 goblins
  4 hobgoblins
  4 kobolds
  2 quokkas (D:1)
  8 bats
  A frilled lizard (D:2)
  5 rats
42 creatures vanquished.

Notes
Turn   | Place    | Note
-------+----------+-------------------------------------------
     0 | D:1      | GregHouse the Hill Orc Monk began the quest for the Orb.
     0 | D:1      | Reached XP level 1. HP: 19/19 MP: 1/1
   418 | D:1      | Reached XP level 2. HP: 26/27 MP: 2/2
  1078 | D:1      | Reached XP level 3. HP: 33/33 MP: 3/3
  1445 | D:2      | Reached skill level 4 in Fighting
  1944 | D:2      | Found a faded altar of an unknown god.
  2009 | D:2      | Reached skill level 1 in Axes
  2258 | D:3      | Found an iron altar of Okawaru.
  2620 | D:3      | Reached XP level 4. HP: 18/40 MP: 4/4
  2630 | D:3      | HP: 1/40 [dart slug/slug dart (5)]
  2634 | D:3      | Killed from afar by a dart slug

Illustrated notes

Levels and vault maps discovered:
D:1:      psy_arrival_spokes, layout_rooms, minmay_misc_feat_hallway,
          chequers_serial_rivers_marsh
D:2:      layout_loops_ring, shapermc_ecumenical_altar_mp_vishouse,
          skrybe_limestone_x, grunt_ministairs_11, minmay_between
D:3:      layout_rooms, grunt_temple_overflow_open,
          mainiacjoe_overflow_six_doors_small
D:4:      corexii_shack_village, layout_loops_ring,
          lemuel_zombie_altar_kikubaaqudgha, uniq_sigmund, uniq_duvessa

Skill      XL: |  1  2  3 |
---------------+----------+-----
Fighting       | 4 |  4.1
Axes           | 1 |  1.4
Stealth        | 2 |  2.1
Polearms       | |  3.8
Dodging        | |  2.9

Action                   |  1- 3 |  4- 6 || total
-------------------------+-------+-------++-------
Melee: Spear             |    56 |       ||    56
       Hand axe          |   103 |     4 ||   107
  Use: Scroll            |       |     1 ||     1
 Stab: Sleeping          |     5 |       ||     5
Armor: Robe              |    28 |     1 ||    29
Dodge: Dodged            |   114 |     2 ||   116

Table legend: (Time is in decaauts)
 A = Elapsed time spent in this place.
 B = Non-inter-level travel time spent in this place.
 C = Inter-level travel time spent in this place.
 D = Time resting spent in this place.
 E = Time spent auto-exploring this place.
 F = Levels seen in this place.
 G = Mean time per level.
                   A        B        C        D        E       F      G
               +--------+--------+--------+--------+--------+-----+--------+
         Total |   2657 |   2594 |     63 |   1056 |    956 |   4 |  664.2 |
       Dungeon |   2657 |   2594 |     63 |   1056 |    956 |   4 |  664.2 |
               +--------+--------+--------+--------+--------+-----+--------+

Top non-repeatable levels by time:
     D:1: 1257 daAuts
     D:2: 1217 daAuts
     D:3: 178 daAuts
     D:4: 4 daAuts
